[Event "Titled Tuesday Blitz December 27 Early 2022"]
[White "Tan, Zhongyi"]
[Black "Tactrics"]
[WhiteFideId "8603642"]
[WhiteElo "2517"]
[BlackElo "2976"]
[Result "0-1"]
[Round "06"]
[TimeControl "180+2"]
[Date "2022.12.27"]
[WhiteClock "0:02:12"]
[BlackClock "0:02:55"]

1. d4 Nf6 2. c4 e6 3. Nf3 Bb4+ 4. Nbd2 O-O 5. a3 Be7 6. e4 d6 7. Bd3 Nfd7 8. O-O e5 9. b4 exd4 10. Nxd4 Bf6 11. Bb2 c5 12. N2b3 cxd4 13. Nxd4 Nc6 0-1


[Site "https://www.chess.com"]

[Event "Titled Tuesday Blitz December 27 Early 2022"]
[White "Tanenbaum, Zachary"]
[Black "Rengifo Blancas, Renzo Jhonathan"]
[WhiteFideId "2060850"]
[BlackFideId "3807185"]
[WhiteElo "2261"]
[BlackElo "2131"]
[Result "1-0"]
[Round "06"]
[TimeControl "180+2"]
[Date "2022.12.27"]
[WhiteClock "0:00:51"]
[BlackClock "0:00:03"]

1. e4 e6 2. d4 d5 3. Nc3 dxe4 4. Nxe4 Be7 5. Nf3 Nf6 6. Bd3 O-O 7. Qe2 g6 8. Bh6 Re8 9. Nxf6+ Bxf6 10. O-O-O Nd7 11. h4 c5 12. dxc5 Qa5 13. Kb1 Nxc5 14. h5 Na4 15. hxg6 hxg6 16. c3 Bxc3 17. Bb5 Nxb2 18. Bxe8 Nxd1 19. Qxd1 e5 20. Bxf7+ Kxf7 21. Qb3+ Be6 22. Ng5+ Kf6 23. Qxe6# 1-0


[Site "https://www.chess.com"]

[Event "Titled Tuesday Blitz December 27 Early 2022"]
[White "Tarasova, Viktoriya"]
[Black "Piesik, Piotr"]
[WhiteFideId "4175840"]
[BlackFideId "1136194"]
[WhiteElo "2226"]
[BlackElo "2426"]
[Result "0-1"]
[Round "06"]
[TimeControl "180+2"]
[Date "2022.12.27"]
[WhiteClock "0:01:23"]
[BlackClock "0:02:22"]

1. d4 c5 2. d5 e5 3. Nc3 d6 4. e4 Be7 5. Nf3 a6 6. a4 Bg4 7. h3 Bxf3 8. Qxf3 Bg5 9. Qg3 Bxc1 10. Rxc1 Qf6 11. Be2 Ne7 12. O-O Ng6 13. Kh2 Nf4 14. Bc4 h5 15. Qe3 h4 16. Ne2 Nd7 17. Ng1 Qg6 18. g3 hxg3+ 19. fxg3 Nxh3 20. Nxh3 Qg4 21. Qf3 Qxh3+ 0-1


[Site "https://www.chess.com"]

[Event "Titled Tuesday Blitz December 27 Early 2022"]
[White "Tarnowska, Aleksandra"]
[Black "Heinemann, Josefine"]
[WhiteFideId "1180967"]
[BlackFideId "12900460"]
[WhiteElo "1835"]
[BlackElo "2289"]
[Result "0-1"]
[Round "06"]
[TimeControl "180+2"]
[Date "2022.12.27"]
[WhiteClock "0:00:06"]
[BlackClock "0:00:57"]

1. e4 c6 2. d4 d5 3. Nc3 dxe4 4. Nxe4 Nf6 5. Nxf6+ exf6 6. Nf3 Bd6 7. Be3 O-O 8. Qd2 Nd7 9. Bd3 a5 10. Nh4 Nb6 11. Nf5 Bxf5 12. Bxf5 Nc4 13. Bxh7+ Kh8 14. Qd3 Nxe3 15. fxe3 g6 16. Bxg6 fxg6 17. Qxg6 Qe7 18. Kd2 Qg7 19. Qf5 Qh7 20. Qe6 Rad8 21. Raf1 Qg6 22. Qh3+ Kg7 23. Rf5 c5 24. c3 cxd4 25. exd4 Rde8 26. Rhf1 Re6 27. R5f2 Rfe8 28. Qf3 Kg8 29. g4 Bf8 30. h4 Bh6+ 31. g5 fxg5 32. hxg5 Bxg5+ 33. Kd1 Qb1# 0-1


[Site "https://www.chess.com"]

[Event "Titled Tuesday Blitz December 27 Early 2022"]
[White "Timofeev, Artyom"]
[Black "Yuan, Qingyu"]
[WhiteFideId "4140419"]
[BlackFideId "8609772"]
[WhiteElo "2567"]
[BlackElo "2373"]
[Result "1-0"]
[Round "06"]
[TimeControl "180+2"]
[Date "2022.12.27"]
[WhiteClock "0:00:13"]
[BlackClock "0:00:07"]

1. e4 e5 2. Nf3 Nc6 3. Bb5 Nf6 4. Qe2 Bd6 5. c3 O-O 6. d3 Ne7 7. h4 c6 8. Ba4 Bc7 9. Bg5 Ng6 10. h5 Nf4 11. Bxf4 exf4 12. Nbd2 Re8 13. h6 g6 14. O-O-O a5 15. Kb1 b5 16. Bc2 d5 17. Rhe1 dxe4 18. Nxe4 Be6 19. Bb3 Nd5 20. Qd2 a4 21. Bxd5 cxd5 22. Nc5 Bf5 23. Nd4 Qg5 24. g3 Bd6 25. Nb7 Bf8 26. gxf4 Qf6 27. Re5 Reb8 28. Nxf5 gxf5 29. Qe3 Rxb7 30. Qh3 Bxh6 31. Rxf5 Qg6 32. Rh5 Bg7 33. f5 Qf6 34. Rxh7 b4 35. Rg1 Kf8 36. Rhxg7 Qxg7 37. Rxg7 Kxg7 38. Qg4+ Kf6 39. Qd4+ Ke7 40. Qe5+ Kd7 41. Qxd5+ Kc7 42. Qxf7+ Kb8 43. Qe8+ Kc7 44. Qe7+ Kb8 45. Qe5+ Kc8 46. Qe8+ Kc7 47. Qxa8 bxc3 48. Qxb7+ Kxb7 49. bxc3 a3 50. Kc2 Kb6 51. Kb3 Kc5 52. Kxa3 Kb5 53. Kb3 1-0


[Site "https://www.chess.com"]

[Event "Titled Tuesday Blitz December 27 Early 2022"]
[White "Tomb, Maroun"]
[Black "Strahov, Andrej"]
[WhiteFideId "5300398"]
[BlackFideId "4165489"]
[WhiteElo "2090"]
[BlackElo "2398"]
[Result "1-0"]
[Round "06"]
[TimeControl "180+2"]
[Date "2022.12.27"]
[WhiteClock "0:01:55"]
[BlackClock "0:00:31"]

1. e4 e5 2. Nf3 Nc6 3. Bb5 a6 4. Ba4 Nge7 5. d4 exd4 6. Nxd4 g6 7. O-O b5 8. Bb3 Bg7 9. Ne2 O-O 10. Nbc3 Na5 11. f4 Nxb3 12. axb3 Bb7 13. f5 Be5 14. f6 Nc8 15. Bh6 Re8 16. Bg7 Nd6 17. Qd3 Nxe4 18. Nxe4 Bxe4 19. Qh3 Re6 20. Qh4 Bxc2 21. Rf3 Bxb2 22. Qxh7+ Kxh7 23. Rh3+ Kg8 24. Rh8# 1-0


[Site "https://www.chess.com"]

[Event "Titled Tuesday Blitz December 27 Early 2022"]
[White "Toncheva, Nadya"]
[Black "Wagner, Dennis"]
[WhiteFideId "2924056"]
[BlackFideId "24650684"]
[WhiteElo "2295"]
[BlackElo "2595"]
[Result "1-0"]
[Round "06"]
[TimeControl "180+2"]
[Date "2022.12.27"]
[WhiteClock "0:00:25"]
[BlackClock "0:00:19"]

1. e4 c5 2. Nf3 d6 3. d4 cxd4 4. Nxd4 Nf6 5. Nc3 a6 6. Bg5 e6 7. Qd2 Be7 8. f4 h6 9. Bxf6 Bxf6 10. O-O-O Qb6 11. Nf3 Be7 12. g4 Qc7 13. Rg1 b5 14. Bd3 b4 15. Ne2 Nc6 16. Kb1 Bd7 17. h4 a5 18. g5 hxg5 19. hxg5 g6 20. Rh1 Rf8 21. f5 gxf5 22. exf5 d5 23. fxe6 fxe6 24. Rdf1 O-O-O 25. g6 Bf6 26. Rh7 Ne5 27. Nfd4 Nxd3 28. Qxd3 Bxd4 29. Nxd4 Rxf1+ 30. Qxf1 e5 31. Ne6 Qb6 32. Nxd8 Qxg6 33. Rh8 Kc7 34. Nf7 Bf5 35. Nxe5 Bxc2+ 36. Ka1 Kd6 37. Rh6 Kxe5 38. Rxg6 Bxg6 39. Qe2+ Be4 40. Qb5 Kf4 41. Qxa5 d4 42. Qxb4 Ke3 43. Qe1+ Kf3 44. Qd2 d3 45. a4 Kg4 46. a5 Kf5 47. a6 Ke6 48. a7 Kd7 49. b4 Kc7 50. Kb2 Kb7 51. Qe3 Bc6 52. Kc3 Bb5 53. Qe7+ Ka8 54. Qc7 1-0


[Site "https://www.chess.com"]

[Event "Titled Tuesday Blitz December 27 Early 2022"]
[White "Toropov, Pavel"]
[Black "Bettalli, Francesco"]
[WhiteFideId "24129178"]
[BlackFideId "2816453"]
[WhiteElo "2336"]
[BlackElo "2252"]
[Result "1-0"]
[Round "06"]
[TimeControl "180+2"]
[Date "2022.12.27"]
[WhiteClock "0:01:09"]
[BlackClock "0:01:53"]

1. e4 g6 2. d4 Bg7 3. Nc3 c6 4. h3 d5 5. e5 h5 6. Nge2 Nh6 7. g3 Bf5 8. Bg2 Qb6 9. b3 Nd7 10. Be3 e6 11. Qd2 Qc7 12. f3 O-O-O 13. g4 hxg4 14. hxg4 Nxg4 15. fxg4 Rxh1+ 16. Bxh1 Bxg4 17. O-O-O a6 18. Rf1 Bf5 19. Ng3 c5 20. Nxf5 gxf5 21. Ne2 cxd4 22. Bxd4 Bxe5 23. Bxe5 Nxe5 24. Nd4 Rh8 25. Kb2 Rh2 26. Qd1 Rh3 27. Qe1 Rh2 28. Rf2 Rxf2 29. Qxf2 Qc5 30. Qe3 Qb6 31. Qxe5 Qc7 32. Qxc7+ Kxc7 33. Nxf5 exf5 34. Bxd5 f6 35. Kc3 b6 36. Kd4 Kd6 37. b4 a5 38. bxa5 bxa5 39. c4 f4 40. c5+ Kc7 41. Ke4 f3 42. Kxf3 f5 43. Kf4 Kd7 44. Kxf5 Kc7 45. Ke5 Kd7 46. Kd4 Kc7 47. Kc4 a4 48. Kb4 a3 49. Kxa3 Kd7 50. Kb4 Kc7 51. Kb5 Kd7 52. Kb6 Kc8 53. Ka7 Kc7 54. a4 Kc8 55. a5 Kc7 56. a6 Kc8 57. Bc6 Kc7 58. Bb7 Kd8 59. Kb8 Kd7 60. a7 Ke6 61. a8=Q 1-0


[Site "https://www.chess.com"]

[Event "Titled Tuesday Blitz December 27 Early 2022"]
[White "Torres Dominguez, David"]
[Black "Gatterer, Florian"]
[WhiteFideId "2220857"]
[BlackFideId "811688"]
[WhiteElo "1994"]
[BlackElo "2170"]
[Result "1-0"]
[Round "06"]
[TimeControl "180+2"]
[Date "2022.12.27"]
[WhiteClock "0:00:29"]
[BlackClock "0:00:39"]

1. e4 c6 2. Nf3 d5 3. d3 Bg4 4. Be2 e6 5. O-O Nd7 6. h3 Bh5 7. exd5 cxd5 8. c4 Ngf6 9. g4 Bg6 10. g5 Nh5 11. Nh2 Be7 12. Bxh5 Bxg5 13. f4 Bf6 14. cxd5 Bd4+ 15. Kg2 Nf6 16. Bxg6 hxg6 17. Qa4+ Kf8 18. Qxd4 Nxd5 19. Nc3 Qh4 20. Rf3 Rd8 21. Nxd5 Rxd5 22. Qb4+ Kg8 23. Bd2 a5 24. Qxb7 Qf6 25. Rc1 Kh7 26. Rc7 Qf5 27. Rxf7 Qh5 28. Rxg7+ Kh6 29. Ng4+ 1-0


[Site "https://www.chess.com"]

[Event "Titled Tuesday Blitz December 27 Early 2022"]
[White "Troltenier, Dirk"]
[Black "Dias, Joao Batista"]
[WhiteFideId "4606400"]
[BlackFideId "2108240"]
[WhiteElo "2234"]
[BlackElo "1796"]
[Result "1-0"]
[Round "06"]
[TimeControl "180+2"]
[Date "2022.12.27"]
[WhiteClock "0:00:16"]
[BlackClock "0:01:12"]

1. e4 e5 2. Nf3 Nc6 3. Bb5 d6 4. O-O Nf6 5. Nc3 Be7 6. d4 exd4 7. Nxd4 Bd7 8. Re1 O-O 9. b3 Nxd4 10. Qxd4 Ng4 11. Bxd7 Qxd7 12. Nd5 Bd8 13. Bb2 f6 14. h3 Ne5 15. Rad1 c6 16. Ne3 Bb6 17. Qxd6 Qxd6 18. Rxd6 Rad8 19. Rxd8 Rxd8 20. Rd1 Nf7 21. Rxd8+ Nxd8 22. Nc4 Bc7 23. Kf1 Kf7 24. Ke2 Ke6 25. Bd4 a6 26. Bb6 Bxb6 27. Nxb6 Ke5 28. Ke3 f5 29. f4+ Ke6 30. e5 Nf7 31. Na4 Nd8 32. Kd4 h6 33. h4 Kd7 34. Nc5+ Kc7 35. Nd3 Ne6+ 36. Ke3 c5 37. c3 Kc6 38. Nf2 b5 39. Nd1 a5 40. Nb2 Kd5 41. g3 g5 42. fxg5 hxg5 43. hxg5 Kxe5 44. Nd3+ Kd5 45. Nf4+ Kd6 46. Nxe6 Kxe6 47. c4 bxc4 48. bxc4 Kf7 49. Kf4 Kg6 50. g4 fxg4 51. Kxg4 a4 52. Kf4 a3 53. Kg4 Kg7 54. Kf5 Kf7 55. g6+ Kg7 56. Kg5 Kg8 57. Kf6 Kf8 58. Ke5 Kg7 59. Kd5 Kxg6 60. Kxc5 Kf7 61. Kd6 Ke8 62. Kc7 Ke7 63. c5 Ke6 64. c6 1-0


[Site "https://www.chess.com"]

[Event "Titled Tuesday Blitz December 27 Early 2022"]
[White "Tymrakiewicz, Rafal"]
[Black "Van Essen, Mark"]
[WhiteFideId "1108832"]
[BlackFideId "1012819"]
[WhiteElo "2144"]
[BlackElo "2194"]
[Result "1-0"]
[Round "06"]
[TimeControl "180+2"]
[Date "2022.12.27"]
[WhiteClock "0:00:20"]
[BlackClock "0:00:04"]

1. d4 Nf6 2. Bg5 Ne4 3. Bf4 d5 4. e3 Bf5 5. Bd3 e6 6. f3 Nd6 7. Nd2 Bxd3 8. cxd3 Nd7 9. e4 Be7 10. Rc1 c6 11. Ne2 O-O 12. Nb3 a5 13. O-O a4 14. Nc5 Nxc5 15. dxc5 Nb5 16. Qc2 Qd7 17. Rfd1 Rfd8 18. e5 d4 19. Bg3 Qd5 20. Qc4 Qxc4 21. Rxc4 Rd7 22. a3 g5 23. Rdc1 h5 24. h3 Kf8 25. h4 gxh4 26. Bh2 Kg7 27. Kf2 Kh6 28. Nf4 Rdd8 29. R1c2 Bg5 30. Ne2 Be7 31. f4 Rd7 32. Ng1 Rdd8 33. Nf3 Rd7 34. Kf1 Rdd8 35. Bg1 Rd7 36. Re2 Kg6 37. Re4 Kf5 38. Bf2 Kg4 39. Kg1 Ra5 40. Kh2 Nc7 41. Nxd4 Bxc5 42. f5+ Kg5 43. Be3# 1-0


[Site "https://www.chess.com"]

[Event "Titled Tuesday Blitz December 27 Early 2022"]
[White "Vakhlamov, Igor L."]
[Black "Abdilkhair, Abilmansur"]
[WhiteFideId "24126748"]
[BlackFideId "13716417"]
[WhiteElo "2413"]
[BlackElo "2268"]
[Result "1-0"]
[Round "06"]
[TimeControl "180+2"]
[Date "2022.12.27"]
[WhiteClock "0:00:19"]
[BlackClock "0:00:08"]

1. e4 e5 2. Nf3 Nc6 3. Nc3 Nf6 4. Bb5 Bc5 5. O-O Nd4 6. Nxe5 O-O 7. Bc4 d6 8. Nf3 Bg4 9. Be2 Nxe2+ 10. Qxe2 Re8 11. h3 Bh5 12. d3 Nd7 13. Be3 c6 14. g4 Bg6 15. Bxc5 Nxc5 16. Qd2 Ne6 17. Ne2 Qf6 18. Kg2 Qxb2 19. h4 h5 20. g5 d5 21. Rfb1 Qa3 22. exd5 cxd5 23. Rxb7 Qd6 24. Nfd4 Nc5 25. Rb5 a6 26. Rbb1 Rab8 27. Qf4 Qxf4 28. Nxf4 Rbd8 29. Rb6 Kh7 30. Rab1 Na4 31. Rxa6 Nc3 32. Rb7 Ra8 33. Raa7 Rxa7 34. Rxa7 Rb8 35. Nfe2 Nxe2 36. Nxe2 Rb2 37. Nd4 Rb1 38. a4 Ra1 39. Kg3 Kg8 40. Kf4 f6 41. gxf6 gxf6 42. Ne6 Bf7 43. Nd4 Kg7 44. Nf5+ Kg6 45. Ne7+ Kg7 46. Nxd5 Kg6 47. Ne7+ Kh6 48. Nf5+ Kg6 49. a5 Be8 50. c4 Bc6 51. Ne7+ Kf7 52. Nxc6+ Ke6 53. Nd4+ Kd6 54. Ra6+ Kc5 55. Nb3+ 1-0


[Site "https://www.chess.com"]

[Event "Titled Tuesday Blitz December 27 Early 2022"]
[White "Vargas Pereda, Jesus Manue"]
[Black "Manon-og, Ramon Jr."]
[WhiteFideId "5115710"]
[BlackFideId "5200776"]
[WhiteElo "1851"]
[BlackElo "1999"]
[Result "1-0"]
[Round "06"]
[TimeControl "180+2"]
[Date "2022.12.27"]
[WhiteClock "0:01:52"]
[BlackClock "0:02:24"]

1. d4 Nf6 2. Nf3 g6 3. c4 d5 4. g3 Bg7 5. cxd5 Nxd5 6. Nc3 Kf8 7. Bg2 Nxc3 8. bxc3 c6 9. O-O h5 10. h4 Bd7 11. a4 a5 12. Ba3 Be6 13. Rb1 Qc8 14. Kh2 Bf5 15. Rb2 Nd7 16. Nd2 Nf6 17. e4 Bg4 18. Qb1 Be2 19. Re1 Ng4+ 20. Kg1 Ra6 21. Rxe2 Bh6 22. Rxb7 Kg8 23. Rb8 Qxb8 24. Qxb8+ 1-0


[Site "https://www.chess.com"]

[Event "Titled Tuesday Blitz December 27 Early 2022"]
[White "Vifleemskaia, Svetlana"]
[Black "Graham, Nathaniel"]
[WhiteFideId "4129490"]
[BlackFideId "2007983"]
[WhiteElo "1971"]
[BlackElo "2262"]
[Result "0-1"]
[Round "06"]
[TimeControl "180+2"]
[Date "2022.12.27"]
[WhiteClock "0:00:41"]
[BlackClock "0:00:08"]

1. d4 d5 2. c4 c6 3. cxd5 cxd5 4. Bf4 Nf6 5. Nc3 Nc6 6. e3 Bf5 7. Qb3 Qb6 8. Qxb6 axb6 9. Bb5 e6 10. Nge2 Be7 11. f3 O-O 12. g4 Bg6 13. Kf2 Rfc8 14. h4 h5 15. g5 Ne8 16. e4 dxe4 17. fxe4 Nd6 18. Bd3 Nb4 19. Bb1 Nc4 20. Bc1 e5 21. d5 Bc5+ 22. Kf3 f6 23. Ng3 fxg5 24. hxg5 Rf8+ 25. Kg2 Rf2+ 26. Kh3 Nc2 27. Bxc2 Rxc2 28. Nb5 Rf8 29. b3 Nd6 30. Nxd6 Bxd6 31. Be3 Be8 32. Rhf1 Bd7+ 33. Nf5 g6 34. Kh4 gxf5 35. Kxh5 f4 36. Bxb6 Rh2+ 37. Kg6 Be8# 0-1


[Site "https://www.chess.com"]

[Event "Titled Tuesday Blitz December 27 Early 2022"]
[White "Viskelis, Darius"]
[Black "Vargas, Mauricio"]
[WhiteFideId "12800830"]
[BlackFideId "4404572"]
[WhiteElo "2166"]
[BlackElo "2035"]
[Result "0-1"]
[Round "06"]
[TimeControl "180+2"]
[Date "2022.12.27"]
[WhiteClock "0:00:01"]
[BlackClock "0:00:32"]

1. e4 c6 2. d4 d5 3. exd5 cxd5 4. c4 Nc6 5. Nc3 Nf6 6. Bg5 Bf5 7. Bxf6 gxf6 8. cxd5 Nb8 9. Qb3 Bc8 10. Nf3 Nd7 11. Rc1 Bg7 12. Bd3 O-O 13. Bb1 f5 14. Bxf5 Nf6 15. Bxc8 Qxc8 16. O-O Qd7 17. Ne5 Qd6 18. Qxb7 Rfb8 19. Qc6 Qxc6 20. dxc6 Rxb2 21. d5 Ne8 22. f4 a5 23. Rb1 Rc2 24. Rfc1 Rd2 25. Rb7 f6 26. Rxe7 fxe5 27. fxe5 Kf8 28. d6 Nxd6 29. exd6 Rxd6 30. Rc7 Bd4+ 31. Kh1 Bxc3 32. h4 Be5 33. g4 Rh6 34. Rf1+ Kg8 35. Re7 Rxh4+ 36. Kg2 Rxg4+ 37. Kf3 Rf4+ 38. Ke2 Rxf1 39. Kxf1 Bf6 40. Rd7 Rc8 41. c7 Kf8 42. Rxh7 Ke8 43. Ke2 Be5 44. Kd3 Rxc7 45. Rh5 Bd6 46. Rxa5 Kd7 47. Ra6 Ke7 48. Kd4 Bc5+ 49. Kd5 Bf2 50. Re6+ Kd7 51. Rf6 Rc5+ 0-1


[Site "https://www.chess.com"]

[Event "Titled Tuesday Blitz December 27 Early 2022"]
[White "Volkov, Maksim"]
[Black "Goncalves, Davi Sulzbacher"]
[WhiteFideId "54123070"]
[BlackFideId "2154510"]
[WhiteElo "2258"]
[BlackElo "2282"]
[Result "1/2-1/2"]
[Round "06"]
[TimeControl "180+2"]
[Date "2022.12.27"]
[WhiteClock "0:00:03"]
[BlackClock "0:00:03"]

1. d4 Nf6 2. c4 e6 3. g3 c5 4. d5 exd5 5. cxd5 g6 6. Nc3 Bg7 7. Bg2 O-O 8. Nf3 Re8 9. O-O d6 10. Bf4 Ne4 11. Nxe4 Rxe4 12. Nd2 Rxf4 13. gxf4 Bxb2 14. Rb1 Bg7 15. e4 Bh6 16. e5 Bxf4 17. e6 fxe6 18. dxe6 Nc6 19. Re1 Ne5 20. Ne4 Bxe6 21. Rxb7 Qh4 22. h3 Rf8 23. Nxd6 Bh2+ 24. Kxh2 Ng4+ 25. Qxg4 Bxg4 26. Bd5+ Kh8 27. Nf7+ Rxf7 28. Rxf7 Qxh3+ 29. Kg1 Bd7 30. Ree7 Qg4+ 31. Bg2 Qd1+ 32. Kh2 Qh5+ 33. Kg3 Qg4+ 34. Kh2 Qh5+ 35. Kg1 Qd1+ 36. Bf1 Qg4+ 37. Kh1 Qh5+ 38. Kg2 Qg4+ 39. Kh2 Qh5+ 40. Bh3 Qxh3+ 41. Kg1 Qg4+ 42. Kf1 Bb5+ 43. Ke1 Qb4+ 44. Kd1 Qb1+ 45. Kd2 Qb2+ 46. Ke3 Qc3+ 47. Kf4 Qd4+ 48. Kg3 Qd3+ 49. f3 Qd6+ 50. Kh3 Kg8 51. Rg7+ Kf8 52. Rgf7+ Kg8 53. Rg7+ Kf8 54. Rgf7+ Kg8 1/2-1/2


[Site "https://www.chess.com"]

[Event "Titled Tuesday Blitz December 27 Early 2022"]
[White "Vovk, Orest"]
[Black "Iljin, Timofey"]
[WhiteFideId "14113490"]
[BlackFideId "14110180"]
[WhiteElo "2315"]
[BlackElo "2329"]
[Result "0-1"]
[Round "06"]
[TimeControl "180+2"]
[Date "2022.12.27"]
[WhiteClock "0:00:01"]
[BlackClock "0:00:04"]

1. h4 h5 2. Nf3 Nf6 3. Ng5 d5 4. e4 dxe4 5. Nc3 Bf5 6. Qe2 Nc6 7. Qb5 e6 8. Qxb7 Nd4 9. Bb5+ Ke7 10. O-O Rb8 11. Qa6 Qd6 12. Qxd6+ cxd6 13. Ba4 d5 14. d3 exd3 15. cxd3 Nh7 16. Be3 Nxg5 17. Bxd4 Nh7 18. Rfe1 Nf6 19. Bxa7 Rxb2 20. Bd4 Rb4 21. Bc5+ Kd8 22. Bxb4 Bxb4 23. Rec1 Bxd3 24. Nb5 Bxb5 25. Bxb5 Ne4 26. Bd3 Nc5 27. a3 Nxd3 28. axb4 Kd7 29. Ra7+ Kd6 30. Rd1 Nxb4 31. Rxf7 Rg8 32. f4 Nc6 33. f5 exf5 34. Rxf5 d4 35. Rxh5 Re8 36. Rg5 Re7 37. Kh2 Rf7 38. Rg6+ Kd5 39. Rg5+ Ne5 40. Re1 Re7 41. Kg3 d3 42. Rd1 Kd4 43. Rf5 Ke4 44. Rff1 Kd4 45. Rfe1 Kc3 46. Rc1+ Kd2 47. Rcd1+ Kc3 48. Ra1 d2 49. Red1 Kc2 50. Rf1 Nd3 51. Ra2+ Nb2 52. Rf2 Kc1 53. Rxb2 d1=Q 54. Ra2 Qd6+ 55. Kh3 Re3+ 0-1


[Site "https://www.chess.com"]

[Event "Titled Tuesday Blitz December 27 Early 2022"]
[White "Weetik, Vjacheslav"]
[Black "Hnydiuk, Aleksander"]
[WhiteFideId "4153472"]
[BlackFideId "1109057"]
[WhiteElo "2423"]
[BlackElo "2363"]
[Result "0-1"]
[Round "06"]
[TimeControl "180+2"]
[Date "2022.12.27"]
[WhiteClock "0:00:05"]
[BlackClock "0:00:50"]

1. d4 Nf6 2. Nf3 g6 3. c4 Bg7 4. g3 O-O 5. Bg2 Nc6 6. O-O a6 7. Nc3 Rb8 8. Rb1 b5 9. cxb5 axb5 10. b4 d6 11. Re1 e5 12. dxe5 dxe5 13. Be3 Bf5 14. Rb2 Ng4 15. Bc5 e4 16. Rd2 exf3 17. exf3 Bxc3 18. Rxd8 Rfxd8 19. Qc1 Bxe1 20. fxg4 Bd2 21. Qb2 Bxb4 22. Bxc6 Bxc5 23. gxf5 Rd1+ 24. Kg2 Rbd8 25. Qxb5 Bb6 26. f6 R1d2 27. Qe5 Rxf2+ 28. Kh3 Bd4 29. Qe7 Bxf6 30. Qxc7 h5 31. Qb7 Rdd2 0-1


[Site "https://www.chess.com"]

[Event "Titled Tuesday Blitz December 27 Early 2022"]
[White "Wickramasinghe, Minethma Lasandi"]
[Black "Legenia, Artem"]
[WhiteFideId "9966170"]
[BlackFideId "14136945"]
[WhiteElo "1483"]
[BlackElo "2092"]
[Result "0-1"]
[Round "06"]
[TimeControl "180+2"]
[Date "2022.12.27"]
[WhiteClock "0:00:42"]
[BlackClock "0:01:53"]

1. e4 c5 2. c3 e6 3. d4 cxd4 4. cxd4 Nf6 5. Nc3 d5 6. e5 Nfd7 7. Bd3 Nc6 8. Nge2 g6 9. O-O a6 10. a3 Bg7 11. Be3 f6 12. f4 O-O 13. Qd2 b5 14. b4 Nb6 15. Ng3 Nc4 16. Bxc4 dxc4 17. Rad1 f5 18. d5 exd5 19. Nxd5 Be6 20. Bc5 Re8 21. Ne3 Qxd2 22. Rxd2 Rad8 23. Rfd1 Bf8 24. Bb6 Rxd2 25. Rxd2 Nxe5 26. fxe5 f4 27. Nef1 fxg3 28. Nxg3 Bg7 29. Bc7 Rc8 30. Bd6 c3 31. Rc2 Bb3 32. Rc1 Bh6 33. Rf1 c2 34. Ne2 Bc4 35. Kf2 Bxe2 36. Kxe2 c1=Q 37. Rxc1 Bxc1 38. e6 Re8 39. e7 Bg5 0-1


[Site "https://www.chess.com"]

[Event "Titled Tuesday Blitz December 27 Early 2022"]
[White "Xu, Yi"]
[Black "Starozhilov, Leonid"]
[WhiteFideId "8605564"]
[BlackFideId "14106752"]
[WhiteElo "2527"]
[BlackElo "2313"]
[Result "1-0"]
[Round "06"]
[TimeControl "180+2"]
[Date "2022.12.27"]
[WhiteClock "0:00:45"]
[BlackClock "0:00:02"]

1. e4 g6 2. d4 Bg7 3. Nc3 d6 4. f4 Nf6 5. Bd3 O-O 6. Nf3 Na6 7. O-O c5 8. d5 Bg4 9. Bc4 Rb8 10. a4 Nc7 11. h3 Bxf3 12. Qxf3 a6 13. a5 Nd7 14. Na4 Nb5 15. Bd2 Nd4 16. Qd3 b5 17. axb6 Nxb6 18. Nxb6 Qxb6 19. Rfb1 Ra8 20. Kh1 Rfb8 21. b3 a5 22. Ra4 Nb5 23. Re1 Nc7 24. e5 Rd8 25. Bc3 dxe5 26. fxe5 Nxd5 27. Bxd5 e6 28. Bxa8 Rxd3 29. cxd3 Qxb3 30. Rc4 Bf8 31. Ra1 Qc2 32. Be4 Qe2 33. Bxa5 h5 34. Bc7 Bh6 35. Bd6 Bf4 36. Bxg6 1-0


[Site "https://www.chess.com"]

[Event "Titled Tuesday Blitz December 27 Early 2022"]
[White "Yaran, Siar"]
[Black "Quinones Garcia, Santiago"]
[WhiteFideId "6323006"]
[BlackFideId "4408497"]
[WhiteElo "2288"]
[BlackElo "2248"]
[Result "1-0"]
[Round "06"]
[TimeControl "180+2"]
[Date "2022.12.27"]
[WhiteClock "0:00:01"]
[BlackClock "0:00:01"]

1. e4 e5 2. f4 Nc6 3. Nc3 exf4 4. d4 Nf6 5. e5 Ng8 6. Bxf4 d6 7. Nf3 dxe5 8. Nxe5 Qxd4 9. Nxc6 Qxd1+ 10. Rxd1 bxc6 11. Bxc7 Be6 12. Be2 Rc8 13. Ba5 Bc5 14. Bf3 Nf6 15. Bxc6+ Ke7 16. Bf3 Rhe8 17. Kd2 Kf8 18. Kc1 Kg8 19. Rhe1 Rb8 20. a3 Rec8 21. Ne4 Nxe4 22. Bxe4 Be7 23. h3 Bf6 24. c3 Rb5 25. Bb4 a5 26. Bd6 Bg5+ 27. Kb1 Rxc3 28. Bf4 Rc8 29. Bxg5 Rxg5 30. Rc1 Rb8 31. Rc7 Rgb5 32. Re2 a4 33. Rd2 g6 34. Kc1 Re5 35. Bc6 Rc5+ 36. Rc2 Re5 37. Bxa4 Bf5 38. Rd2 Re1+ 39. Rd1 Re2 40. Bc2 Rxg2 41. Bxf5 gxf5 42. Rc2 Rg3 43. Rf1 Rb5 44. Rcf2 Rxh3 45. Rxf5 Rxf5 46. Rxf5 h5 47. a4 h4 48. Kb1 Rh1+ 49. Ka2 h3 50. a5 Rg1 51. Rh5 Rg3 52. b4 f5 53. Rxf5 h2 54. Rh5 Rg2+ 55. Kb3 Kf7 56. a6 Ke7 57. a7 Rg8 58. Rxh2 Kd6 59. Rh7 Kc6 60. Rh6+ Kb7 61. Rh7+ Ka8 62. Ka4 Rf8 63. Re7 Rg8 64. Rc7 Rg4 65. Ka5 Rg5+ 66. Rc5 Rg7 67. Kb6 Rxa7 68. Rc8# 1-0


[Site "https://www.chess.com"]

[Event "Titled Tuesday Blitz December 27 Early 2022"]
[White "Zaichenko, Daria"]
[Black "Rosh Jain"]
[WhiteFideId "4197453"]
[BlackFideId "25789465"]
[WhiteElo "2104"]
[BlackElo "2248"]
[Result "0-1"]
[Round "06"]
[TimeControl "180+2"]
[Date "2022.12.27"]
[WhiteClock "0:00:03"]
[BlackClock "0:00:32"]

1. e4 c5 2. Nf3 d6 3. d4 cxd4 4. Nxd4 Nf6 5. Nc3 a6 6. Bd3 e5 7. Nb3 Be7 8. O-O Be6 9. a4 O-O 10. Kh1 Nbd7 11. f4 Rc8 12. f5 Bc4 13. Nd2 Bxd3 14. cxd3 d5 15. Nf3 dxe4 16. dxe4 Nc5 17. Qe2 Qc7 18. Bg5 Rfd8 19. Bxf6 Bxf6 20. Nd5 Qd6 21. Rad1 Kh8 22. a5 Qc6 23. b4 Nb3 24. Qb2 Nd4 25. Rc1 Qd6 26. Nd2 Bg5 27. Nc4 Bxc1 28. Rxc1 Qh6 29. Rc3 Qh4 30. h3 Qxe4 31. Ne7 Qe1+ 32. Kh2 Ne2 0-1


[Site "https://www.chess.com"]

[Event "Titled Tuesday Blitz December 27 Early 2022"]
[White "Zakhartsov, Vladimir"]
[Black "Firouzja, Alireza"]
[WhiteFideId "4145097"]
[BlackFideId "12573981"]
[WhiteElo "2552"]
[BlackElo "2785"]
[Result "0-1"]
[Round "06"]
[TimeControl "180+2"]
[Date "2022.12.27"]
[WhiteClock "0:00:01"]
[BlackClock "0:00:28"]

1. e4 c6 2. Nf3 d5 3. Nc3 dxe4 4. Nxe4 Nf6 5. Nxf6+ exf6 6. Bc4 Bd6 7. Qe2+ Be7 8. d4 O-O 9. O-O Bd6 10. c3 Bg4 11. h3 Re8 12. Qd3 Bh5 13. Be3 Bxf3 14. gxf3 Nd7 15. Rfe1 Nf8 16. Bd2 Qd7 17. Qf1 Qf5 18. Rxe8 Rxe8 19. Re1 Rxe1 20. Qxe1 Qxh3 21. f4 Ne6 22. d5 cxd5 23. Bxd5 b6 24. Bxe6 Qxe6 25. Qb1 h5 26. Qd3 Qg4+ 27. Kh2 Bxf4+ 28. Bxf4 Qxf4+ 29. Kg2 g5 30. c4 f5 31. Kg1 Qg4+ 32. Kf1 h4 33. b4 h3 34. Qd8+ Kg7 35. Qc7 Qd1# 0-1


[Site "https://www.chess.com"]

[Event "Titled Tuesday Blitz December 27 Early 2022"]
[White "Zhurbinsky, David"]
[Black "Clawitter, Craig"]
[WhiteFideId "2072904"]
[BlackFideId "2023105"]
[WhiteElo "2045"]
[BlackElo "2050"]
[Result "0-1"]
[Round "06"]
[TimeControl "180+2"]
[Date "2022.12.27"]
[WhiteClock "0:01:50"]
[BlackClock "0:02:02"]

1. e4 e6 2. d4 d5 3. Nc3 Bb4 4. e5 c5 5. a3 Bxc3+ 6. bxc3 Ne7 7. a4 Nbc6 8. Ba3 Qa5 9. Bxc5 Qxc3+ 10. Ke2 b6 11. Ra3 Ba6+ 0-1


[Site "https://www.chess.com"]